 Dungeon Crawl Stone Soup version 0.27-a0-1149-g4505690ab0 (webtiles) character file.

Game seed: 12849456078494160322

123 leviel the Chopper (level 4, -6/39 HPs)
             Began as a Minotaur Monk on May 13, 2021.
             Mangled by an ogre
             ... wielding a +0 giant club
              (20 damage)
             ... on level 3 of the Dungeon.
             The game lasted 00:03:40 (2159 turns).

leviel the Chopper (Minotaur Monk)                  Turns: 2159, Time: 00:03:41

Health: -6/39      AC: 11    Str: 16    XL:     4   Next: 79%
Magic:  3/3        EV:  5    Int:  7    God:
Gold:   65         SH:  0    Dex: 13    Spells: 3/3 levels left

rFire    + . .     SeeInvis .   a - +0 hand axe
rCold    . . .     Faith    .   (no shield)
rNeg     . . .     Spirit   .   f - +0 plate armour
rPois    .         Reflect  .   (helmet restricted)
rElec    .         Harm     .   (no cloak)
rCorr    .         Rampage  .   (no gloves)
Will     .....                  (no boots)
Stlth    ..........             (no amulet)
HPRegen  0.13/turn              b - ring of protection from fire
MPRegen  0.08/turn              (no ring)

@: no status effects
A: horns 2, retaliatory headbutt
a: no special abilities


You were on level 3 of the Dungeon.
You visited 1 branch of the dungeon, and saw 3 of its levels.

You collected 65 gold pieces.

Inventory:

Hand Weapons
 a - a +0 hand axe (weapon)
Armour
 f - a +0 plate armour (worn)
Jewellery
 b - a ring of protection from fire (left hand)
Scrolls
 d - a scroll of immolation


   Skills:
 - Level 3.6 Fighting
 * Level 5.9 Axes
 + Level 2.9 Armour
 - Level 3.2 Dodging
 - Level 1.5 Stealth


You had 3 spell levels left.
You didn't know any spells.
Your spell library contained the following spells:

 Spells                   Type           Power      Damage    Failure   Level
 Magic Dart               Conj           0%         1d3       100%        1
 Searing Ray              Conj           0%         3d3       100%        2
 Dazzling Flash           Conj/Hex       0%         N/A       100%        3
 Fulminant Prism          Conj/Hex       0%         3d6       100%        4
 Iskenderun's Mystic Bla  Conj/Tloc      0%         2d3       100%        4


Dungeon Overview and Level Annotations

Branches:
Dungeon (3/15)

Altars:
Nemelex Xobeh

Shops:
D:1 ?:?:(


Innate Abilities, Weirdness & Mutations

You have a pair of horns on your head.
You reflexively headbutt those who attack you in melee.


Message History

Okay, then.
You climb upwards.
There is a stone staircase leading down here.
As you read the scroll labelled URI YGGOIWNI, it crumbles to dust.
You speak a Word of immense power!
It was a scroll of holy word.
Blink to where?
Press: ? - help, Dir - move target
As you read the scroll labelled SYIL ZAHAOFENE, it crumbles to dust.
It was a scroll of blinking.
As you read the scroll labelled SOEMOKHL UTWUPT, it crumbles to dust.
It is a scroll of amnesia.
You feel forgetful for a moment.
Drop what? 6/52 slots (_ for help) (? for menu, Esc to quit)
Okay, then.
b - a ring of protection from fire (left hand) Unknown command.
It was a potion of curing.
You feel better.
Okay, then.
It was a potion of heal wounds.
You feel much better.
There is a stone staircase leading down here.
You climb downwards.
The ogre completely misses you. You furiously retaliate!
You headbutt the ogre.
There is a stone staircase leading up here.
You hit the ogre but do no damage.
The ogre is lightly wounded.
The ogre hits you with a +0 giant club!
You hit the ogre. You headbutt the ogre.
The ogre is moderately wounded.
You hit the ogre.
The ogre is moderately wounded.
The ogre hits you with a +0 giant club!
You are too injured to fight recklessly!
You feel much better.
The ogre hits you with a +0 giant club!!
Ouch! That really hurt!
You hit the ogre.
The ogre is moderately wounded.
The ogre hits you with a +0 giant club!!
Ouch! That really hurt!
You die...

#...# .##
#.#.. ..
##....#+##.#
#..........
#.........##
#..........
#.......>#
#......@.+
#.....O..#
#........#
#........#
####+#####


You could see an ogre.

Vanquished Creatures
  Natasha (thrice) (D:2)
  3 dart slugs
  3 ball pythons
  4 endoplasms
  2 goblins
  6 hobgoblins
  4 jackals (D:1)
  4 kobolds
  4 quokkas
  3 bats
  2 frilled lizards
  6 rats
44 creatures vanquished.

Notes
Turn   | Place    | Note
-------+----------+-------------------------------------------
     0 | D:1      | leviel the Minotaur Monk began the quest for the Orb.
     0 | D:1      | Reached XP level 1. HP: 19/19 MP: 0/0
    23 | D:1      | Reached skill level 4 in Axes
    99 | D:1      | Reached skill level 1 in Armour
    99 | D:1      | Reached XP level 2. HP: 19/26 MP: 1/1
   198 | D:1      | Found Zoqon's Weapon Emporium.
   379 | D:1      | Found Qyom's Magic Scroll Shoppe.
   409 | D:1      | Found Tiamuchir's Magic Scroll Boutique.
   514 | D:1      | Found Piwkoloc's Book Boutique.
   589 | D:1      | Found Beti Vubrio's Book Shop.
  1043 | D:1      | Reached XP level 3. HP: 17/31 MP: 2/2
  1745 | D:2      | Noticed Natasha
  1749 | D:2      | Killed Natasha
  1750 | D:2      | Reached skill level 5 in Axes
  1808 | D:2      | Reached XP level 4. HP: 34/39 MP: 3/3
  1930 | D:2      | Noticed Natasha
  1935 | D:2      | Killed Natasha
  1991 | D:2      | Noticed Natasha
  1995 | D:2      | Killed Natasha
  2014 | D:2      | Found a sparkling altar of Nemelex Xobeh.
  2142 | D:3      | Noticed an ogre
  2159 | D:3      | Mangled by an ogre

Illustrated notes

Levels and vault maps discovered:
D:1:      lemuel_arrival_room, layout_loops_corners, serial_shops,
          nicolae_shop_statue_plus, shop, shop, nicolae_shop_crystal,
          shop_fountains
D:2:      layout_loops_ring, basic_altar, uniq_natasha
D:3:      layout_basic, general_overflow_altar, serial_shops, shop,
          uniq_grinder, uniq_jessica

Skill      XL: |  1  2  3 |
---------------+----------+-----
Axes           | 4 5 |  5.9
Armour         | 1 2 |  2.9
Fighting       | |  3.6
Dodging        | |  3.2
Stealth        | |  1.5

Action                   |  1- 3 |  4- 6 || total
-------------------------+-------+-------++-------
Melee: Hand axe          |    78 |    19 ||    97
       Headbutt          |    12 |     2 ||    14
  Use: Scroll            |     3 |     3 ||     6
       Potion            |       |     3 ||     3
 Stab: Sleeping          |     1 |       ||     1
Armor: Robe              |     7 |       ||     7
       Plate armour      |    15 |     8 ||    23
Dodge: Dodged            |    42 |     4 ||    46

Table legend: (Time is in decaauts)
 A = Elapsed time spent in this place.
 B = Non-inter-level travel time spent in this place.
 C = Inter-level travel time spent in this place.
 D = Time resting spent in this place.
 E = Time spent auto-exploring this place.
 F = Levels seen in this place.
 G = Mean time per level.
                   A        B        C        D        E       F      G
               +--------+--------+--------+--------+--------+-----+--------+
         Total |   2171 |   2110 |     61 |    179 |   1657 |   3 |  723.7 |
       Dungeon |   2171 |   2110 |     61 |    179 |   1657 |   3 |  723.7 |
               +--------+--------+--------+--------+--------+-----+--------+

Top non-repeatable levels by time:
     D:1: 1431 daAuts
     D:2: 733 daAuts
     D:3: 7 daAuts
